 Dungeon Crawl Stone Soup version 0.16-a0-3933-g06ce5c0 (webtiles) character file.

4011 abixa the Martial Artist (level 10, -2/44 HPs)
             Began as a Vine Stalker Transmuter on Feb 5, 2015.
             Was a Follower of Dithmenos.
             Slain by a troll (3 damage)
             ... on level 9 of the Dungeon.
             The game lasted 00:44:05 (8540 turns).

abixa the Martial Artist (Vine Stalker Transmuter)  Turns: 8540, Time: 00:44:05

Health: -2/44      AC:  6    Str: 13    XL:     10   Next: 23%
Magic:  0/18       EV: 11    Int: 16    God:    Dithmenos [*.....]
Gold:   360        SH:  0    Dex: 15    Spells: 3 memorised, 5 levels left

rFire  + . .     SeeInvis .     b - 90 arrows
rCold  . . .     Clarity  .     S - +1 robe {rF+}
rNeg   . . .     SustAb   +     (no shield)
rPois  .         Gourm    +     (no helmet)
rElec  .         Spirit   +     M - +0 cloak
rCorr  .         Warding  .     (no gloves)
rMut   .         Stasis   .     H - +0 pair of boots
MR     +....                    G - amulet of the gourmand
Stlth  ++........               O - ring of sustain abilities
                                h - +1 ring of protection

@: wreathed by umbra, heavily drained, somewhat resistant to hostile
enchantments, unstealthy
A: fangs 3, regeneration 2, magic shield, antimagic bite, no device heal 3, rot
immunity
a: Renounce Religion


You were on level 9 of the Dungeon.
You worshipped Dithmenos.
Dithmenos was aware of your devotion.
You were not hungry.

You visited 2 branches of the dungeon, and saw 10 of its levels.

You collected 360 gold pieces.

Inventory:

Hand weapons
 m - a +0 spear
 t - a +0 hunting sling
 w - a +0 trident
 x - a +2 dagger of venom
Missiles
 b - 90 arrows (in hand)
 e - 269 stones
 q - 2 tomahawks of returning (quivered)
 B - 35 sling bullets
 D - 18 steel sling bullets
 J - a javelin
 L - 11 arrows of dispersal
 N - 2 steel tomahawks
 U - 11 poisoned needles
 Z - 5 tomahawks
Armour
 y - a +0 helmet
 H - a +0 pair of boots (worn)
 I - the +0 leather armour of Defulid {rF+ Regen+ Int-4}
   (You found it on level 6 of the Dungeon)

   It affects your intelligence (-4).
   It protects you from fire.
   It increases your rate of regeneration.
 K - a +0 leather armour of fire resistance
 M - a +0 cloak (worn)
 S - a +1 robe of fire resistance (worn)
Jewellery
 h - a +1 ring of protection (left hand)
 G - an amulet of the gourmand (around neck)
 O - a ring of sustain abilities (right hand)
Magical devices
 n - a wand of digging (15)
 s - a wand of teleportation (5)
 P - a wand of fire (3)
 R - a wand of magic darts (24)
Scrolls
 g - a scroll of fear
 j - 3 scrolls of remove curse
 l - 2 scrolls of fog {unknown}
 o - a scroll of identify
 p - 2 scrolls of enchant armour {unknown}
 u - 2 scrolls of blinking
 A - 4 scrolls of enchant weapon
 C - 2 scrolls of amnesia {unknown}
 V - a scroll of teleportation
 X - a scroll of recharging {unknown}
 Y - a scroll of noise {unknown}
Potions
 f - a potion of brilliance
 i - 2 potions of haste {unknown}
 v - 2 potions of curing
 z - 2 potions of agility {unknown}
 E - 3 potions of invisibility
 F - a potion of poison {unknown}
 Q - a potion of cure mutation {unknown}
Books
 d - a book of Changes

   Spells                             Type                      Level
   a - Beastly Appendage              Transmutation                1
   b - Sticks to Snakes               Transmutation                2
   c - Spider Form                    Transmutation/Poison         3
   d - Ice Form                       Ice/Transmutation            4
   e - Blade Hands                    Transmutation                5
 k - a book of the Sky

   Spells                             Type                      Level
   a - Flight                         Charms/Air                   3
   b - Airstrike                      Air                          4
   c - Silence                        Hexes/Air                    5
   d - Deflect Missiles               Charms/Air                   6
   e - Conjure Ball Lightning         Conjuration/Air              6
   f - Tornado                        Air                          9
 W - a book of Alchemy

   Spells                             Type                      Level
   a - Sublimation of Blood           Necromancy                   2
   b - Alistair's Intoxication        Transmutation/Poison         4
   c - Condensation Shield            Ice                          4
   d - Petrify                        Transmutation/Earth          4
   e - Ignite Poison                  Fire/Transmutation           5
   f - Irradiate                      Conjuration/Transmutation    5
Comestibles
 a - 10 bread rations
 c - 5 meat rations
 r - a beef jerky
 T - a royal jelly


   Skills:
 - Level 0.8(0.0) Fighting
 - Level 1.5(0.0) Dodging
 + Level 11.3(9.2) Unarmed Combat
 - Level 2.1(0.5) Spellcasting
 + Level 9.6(7.5) Transmutations


You had 5 spell levels left.
You knew the following spells:

 Your Spells              Type           Power        Failure   Level  Hunger
a - Beastly Appendage     Trmt           ###...       1%          1    ##.....
b - Sticks to Snakes      Trmt           ###.......   1%          2    ###....
c - Blade Hands           Trmt           ###.......   34%         5    ######.


Dungeon Overview and Level Annotations

Branches:
Dungeon (9/15)             Temple (1/1) D:7            Lair (0/8) D:8
    Orc: D:9-12

Altars:
Cheibriados
Dithmenos
Elyvilon
Fedhas
Kikubaaqudgha
Nemelex Xobeh
Okawaru
Qazlal
Ru
Sif Muna
Trog
Vehumet
Xom
Yredelemnul
Zin
The Shining One
Lugonu

Shops:
D:5 %

Annotations:
D:6 trelanon's ghost, experienced FoFi


Innate Abilities, Weirdness & Mutations

You have razor-sharp teeth.
You heal very quickly.
When hurt, damage is shared between your health and your magic reserves.
Your bite disrupts and absorbs the magic of your enemies.
Potions and wands cannot restore your health.
You are immune to rotting.


Message History

You create a snake!
Your transformation is almost over.
Your adder bites the troll.
The troll looks even sicker.
Your adder poisons the troll!
Your adder misses the troll.
Your adder bites the troll.
Your adder closely misses the troll.
The troll bites you! The troll misses you. The troll claws you!
* * * LOW HITPOINT WARNING * * *
Your adder bites the troll.
Your adder withers and dies!
Your adder closely misses the troll.
There is an open door here.
Your adder barely misses the troll.
Your adder misses the troll.
Your adder closely misses the troll.
Your horns disappear.
Your adder bites the troll.
The troll barely misses you. The troll claws you!
* * * LOW HITPOINT WARNING * * *
The troll claws you.
You die...

#.......### #.# #.... ###+#####
#.## ##)## #..# #... ####+## ##.#
#### #.....# #.# #### #.....# #.#
#... #.....# #.# #...
######.....##########.# #...
#...##.....SS.ST@.....#########...
###รท.'.....##########.>.......+...
####.....# ##.########... #.....#
### #... ##'#### #### #.# ## ##.#
..## #..# ...####'####


You could see a troll, 2 friendly adders and a friendly ball python.

Vanquished Creatures
  Pikel (D:8)
  2 wraiths (D:7)
  A spriggan (D:7)
  Eustachio (D:5)
  A hungry ghost (D:7)
  4 slaves (D:8)
  3 ogres
  A phantom (D:6)
  An ice beast (D:6)
  A centaur (D:9)
  2 boring beetles
  Duvessa (D:9)
  2 giant frogs
  Blork the orc (D:4)
  A water moccasin zombie (D:9)
  A wyvern skeleton (D:9)
  A scorpion (D:8)
  12 wights
  2 crimson imps
  5 orc priests
  Dowan (D:9)
  A jelly (D:5)
  2 giant frog zombies
  2 giant frog skeletons
  4 human zombies (D:7)
  3 iguanas
  A gnoll shaman (D:4)
  3 worker ants
  9 orc wizards
  An ogre zombie (D:7)
  2 hound zombies
  A hound skeleton (D:5)
  2 mummies (D:7)
  Robin (D:4)
  5 adders
  4 gnolls (D:4)
  2 shadow imps
  A giant mite (D:3)
  5 worms
  An adder skeleton (D:6)
  4 giant geckos
  2 oozes
  26 orcs
  3 ball pythons
  15 bats
  A bat zombie (D:6)
  5 giant cockroaches
  19 goblins
  17 hobgoblins
  13 jackals
  2 quokkas
  A giant gecko skeleton (D:4)
  A giant gecko zombie (D:7)
  5 giant newts
  A jackal skeleton (D:7)
  19 kobolds
  18 rats
  3 ballistomycetes (D:6)
250 creatures vanquished.

Vanquished Creatures (collateral kills)
  A centaur skeleton (D:7)
  A giant gecko (D:5)
2 creatures vanquished.

Vanquished Creatures (others)
  A worm (D:3)
  An orc (D:7)
  A giant spore (D:6)
3 creatures vanquished.

Grand Total: 255 creatures vanquished

Notes
Turn   | Place    | Note
--------------------------------------------------------------
     0 | D:1      | abixa, the Vine Stalker Transmuter, began the quest for the Orb.
     0 | D:1      | Reached XP level 1. HP: 9/9 MP: 3/3
   144 | D:1      | Reached XP level 2. HP: 14/14 MP: 3/5
   148 | D:1      | Learned a level 2 spell: Sticks to Snakes
   308 | D:1      | Reached skill level 4 in Unarmed Combat
   362 | D:1      | Reached XP level 3. HP: 17/17 MP: 5/7
   876 | D:2      | Found a bloodstained altar of Trog.
   977 | D:2      | Reached XP level 4. HP: 18/21 MP: 6/8
  1096 | D:2      | Found a blossoming altar of Fedhas.
  1108 | D:2      | Found a sacrificial altar of Ru.
  1145 | D:2      | Found a white marble altar of Elyvilon.
  1252 | D:2      | Reached skill level 5 in Unarmed Combat
  1361 | D:2      | Found a glowing golden altar of the Shining One.
  1688 | D:3      | Reached XP level 5. HP: 10/25 MP: 8/11
  1886 | D:3      | Reached skill level 6 in Unarmed Combat
  1886 | D:3      | Gained mutation: You heal very quickly. [vine stalker growth]
  1886 | D:3      | Reached XP level 6. HP: 13/29 MP: 9/12
  2051 | D:3      | Found a radiant altar of Vehumet.
  2470 | D:4      | Noticed Robin
  2566 | D:3      | Reached XP level 7. HP: 14/32 MP: 5/14
  2591 | D:3      | Reached skill level 7 in Unarmed Combat
  2640 | D:4      | Killed Robin
  2903 | D:4      | Found a snail-covered altar of Cheibriados.
  3106 | D:4      | Noticed Blork the orc
  3149 | D:4      | Killed Blork the orc
  3419 | D:4      | Found a blossoming altar of Fedhas.
  3461 | D:4      | Reached skill level 8 in Unarmed Combat
  3758 | D:5      | Entered Level 5 of the Dungeon
  3785 | D:5      | Noticed Eustachio
  3817 | D:5      | Killed Eustachio
  3817 | D:5      | Reached skill level 5 in Transmutations
  3817 | D:5      | Gained mutation: You have razor-sharp teeth. [vine stalker growth]
  3817 | D:5      | Reached XP level 8. HP: 37/37 MP: 8/16
  3996 | D:5      | Found an ancient bone altar of Kikubaaqudgha.
  4160 | D:5      | Found Sarif's Food Emporium.
  4641 | D:6      | Got a steaming leather armour
  4673 | D:5      | Identified the +0 leather armour of Defulid {rF+ Regen+ Int-4} (You found it on level 6 of the Dungeon)
  5400 | D:6      | Noticed trelanon's ghost (experienced FoFi)
  5670 | D:6      | Reached skill level 9 in Unarmed Combat
  5698 | D:6      | Learned a level 5 spell: Blade Hands
  5950 | D:7      | Found a staircase to the Ecumenical Temple.
  5956 | Temple   | Entered the Ecumenical Temple
  6005 | Temple   | Became a worshipper of Dithmenos the Shadowed
  6061 | D:7      | Found an ancient bone altar of Kikubaaqudgha.
  6069 | D:7      | Reached XP level 9. HP: 34/40 MP: 18/18
  6294 | D:7      | Reached skill level 10 in Unarmed Combat
  7539 | D:8      | Found a staircase to the Lair.
  7614 | D:8      | Noticed Pikel
  7690 | D:7      | Reached XP level 10. HP: 33/44 MP: 14/18
  7893 | D:8      | Killed Pikel
  7893 | D:8      | Reached skill level 11 in Unarmed Combat
  8070 | D:8      | Found a stormy altar of Qazlal.
  8196 | D:9      | Noticed Duvessa
  8207 | D:9      | Noticed Dowan
  8228 | D:9      | Killed Dowan
  8250 | D:9      | Killed Duvessa
  8540 | D:9      | HP: 1/44 [troll (6)]
  8540 | D:9      | Slain by a troll

Action                   |  1- 3 |  4- 6 |  7- 9 | 10-12 || total
-------------------------+-------+-------+-------+-------++-------
Melee: Unarmed           |   140 |   218 |   537 |    51 ||   946
       Dagger            |       |       |    12 |       ||    12
Throw: Javelin           |       |       |     6 |     1 ||     7
       Tomahawk          |       |       |     3 |     3 ||     6
       Stone             |       |       |     1 |       ||     1
 Cast: Beastly Appendage |    23 |    22 |    46 |     8 ||    99
       Sticks to Snakes  |       |     1 |     9 |     9 ||    19
  Use: Scroll            |       |       |    11 |       ||    11
 Stab: Sleeping          |       |       |     1 |       ||     1
  Eat: Chunk             |     1 |     5 |    24 |     3 ||    33
       Beef jerky        |       |       |       |     1 ||     1
